 Dungeon Crawl Stone Soup version 0.30-a0-12-gd8047c6341 (webtiles) character file.

Game seed: 10554198258100711116

212 drpainis the Chopper (level 5, -1/70 HPs)
             Began as a Minotaur Berserker on Aug 23, 2022.
             Was a Believer of Trog.
             Slain by a lemure (7 damage)
             ... led by Pikel
             ... on level 4 of the Dungeon.
             The game lasted 00:02:29 (3290 turns).

drpainis the Chopper (Minotaur Berserker)           Turns: 3290, Time: 00:02:31

Health: -1/70      AC:  2    Str: 23    XL:     5   Next: 58%
Magic:  4/4        EV: 12    Int:  4    God:    Trog [**....]
Gold:   154        SH:  0    Dex: 10    Spells: 4/4 levels left

rFire   . . .      SeeInvis .    a - +0 hand axe
rCold   . . .      Faith    .    (no shield)
rNeg    . . .      Spirit   .    b - +0 animal skin
rPois   .          Reflect  .    (helmet restricted)
rElec   .          Harm     .    (no cloak)
rCorr   .          Rampage  .    (no gloves)
Will    .....                    (no boots)
Stlth   ..........               (no amulet)
HPRegen 0.21/turn                (no ring)
MPRegen 0.09/turn                (no ring)

@: berserking (expiring), very quick
A: horns 2, retaliatory headbutt
a: Renounce Religion, Berserk, Trog's Hand


You were on level 4 of the Dungeon.
You worshipped Trog.
Trog was pleased with you.
You visited 1 branch of the dungeon, and saw 4 of its levels.

You collected 154 gold pieces.

Inventory:

Hand Weapons
 a - a +0 hand axe (weapon)
Missiles
 n - a throwing net (quivered)
Armour
 b - a +0 animal skin (worn)
Scrolls
 d - a scroll of amnesia {unknown}
 f - a scroll of magic mapping {unknown}
 g - a scroll of noise {unknown}
 j - 3 scrolls of identify {unknown}
 l - a scroll of vulnerability {unknown}
 m - 2 scrolls of teleportation {unknown}
 p - a scroll of blinking {unknown}
 s - a scroll of enchant armour {unknown}
Potions
 c - 2 potions of curing {unknown}
 e - a potion of magic {unknown}
 h - a potion of attraction {unknown}
 i - a potion of cancellation {unknown}
 k - a potion of haste {unknown}
 o - a potion of heal wounds {unknown}
 q - a potion of mutation {unknown}
 r - a potion of resistance {unknown}


   Skills:
 + Level 4.7 Fighting
 + Level 5.8 Axes
 + Level 2.5 Armour
 + Level 3.3 Dodging
 + Level 1.5 Stealth


You had 4 spell levels left.
You didn't know any spells.
Your spell library was empty.

Dungeon Overview and Level Annotations

Branches:
Dungeon (4/15)
 Temple: D:4-7

Altars:
The Shining One

Shops:
D:3 (


Innate Abilities, Weirdness & Mutations

You have a pair of horns on your head.
You reflexively headbutt those who attack you in melee.


Message History

You feel yourself moving faster!
You feel mighty!
The orc shouts!
You hear a shout!
The adder bites you. The lemure hits you. The lemure barely misses you.
You furiously retaliate!
You headbutt the lemure!! Menkaure misses you. You furiously retaliate!
You headbutt Menkaure! You slash Menkaure!
You destroy Menkaure!
Trog accepts your kill.
Trog appreciates your killing of a magic user.
You slash the lemure!
You barely miss the lemure. x2; You miss the adder.
The adder bites you.
* * * LOW HITPOINT WARNING * * *
Your Axes skill increases to level 5!
Your Stealth skill increases to level 1!
You have reached level 5!
You closely miss the adder. You headbutt the adder.
You kill the adder!
Trog accepts your kill.
You barely miss the lemure.
You hit the lemure. x2; The lemure hits you!
* * * LOW HITPOINT WARNING * * *
The lemure closely misses you. The lemure barely misses you.
The lemure closely misses you.
Unknown command.
You feel a strong urge to attack something.
Unknown command.
You barely miss the lemure.
The lemure is lightly wounded.
You hit the lemure. You hit the orc. You slash the lemure! You slash the orc!
You kill the orc!
Trog accepts your kill. The lemure hits you but does no damage.
The lemure hits you.
* * * LOW HITPOINT WARNING * * *
You barely miss the lemure.
The lemure is lightly wounded.
You closely miss the lemure. You slash the orc!
You kill the orc!
Trog accepts your kill.
You barely miss the orc. You closely miss the lemure.
You completely miss the lemure. The orc barely misses you. The lemure hits you!
You die...

#.. .....# .......
...####..... .......
.....##...###....... .
#........#.#.......
#.###...........o.....
###......###....o.......
#....#....##...o........
##....##.......55)...$...
...............5@o....###
#...........#..#5.....#
#.......##.#.##..##..#
#.#....##..#.....# ...
##.#.|........#.#.## ##
#..............#....#
#.#...#.....#..##..##
#................#.
##...................


You could see 4 lemures and 4 orcs.

Vanquished Creatures
  Menkaure (D:4)
  3 adders
  A worm (D:3)
  A dart slug (D:4)
  3 orcs
  3 ball pythons
  8 endoplasms
  3 giant cockroaches
  4 goblins
  6 hobgoblins
  4 jackals
  5 kobolds
  3 quokkas
  4 bats
  6 frilled lizards
  6 rats
61 creatures vanquished.

Notes
Turn   | Place    | Note
-------+----------+-------------------------------------------
     0 | D:1      | drpainis the Minotaur Berserker began the quest for the
                  | Orb.
     0 | D:1      | Reached XP level 1. HP: 19/19 MP: 0/0
   242 | D:1      | Found a faded altar of an unknown god.
   275 | D:1      | Reached skill level 4 in Axes
   275 | D:1      | Reached XP level 2. HP: 23/27 MP: 1/1
   872 | D:1      | Reached XP level 3. HP: 28/33 MP: 2/2
  1652 | D:2      | Reached ** piety under Trog
  1962 | D:2      | Reached XP level 4. HP: 38/40 MP: 3/3
  2268 | D:3      | Found Dyatz's Weapon Boutique.
  2853 | D:3      | Found a glowing golden altar of the Shining One.
  3265 | D:4      | Noticed a lemure
  3265 | D:4      | Noticed a lemure
  3266 | D:4      | Noticed a lemure
  3266 | D:4      | Noticed a lemure
  3279 | D:4      | Noticed Menkaure
  3285 | D:4      | Killed Menkaure
  3286 | D:4      | Reached skill level 5 in Axes
  3286 | D:4      | Reached skill level 1 in Stealth
  3286 | D:4      | Reached XP level 5. HP: 18/47 MP: 4/4
  3290 | D:4      | Slain by a lemure

Illustrated notes

Levels and vault maps discovered:
D:1:      dreamdust_arrival_beginning_and_end, layout_basic,
          shapermc_ecumenical_altar_mp_ritualfount, minmay_tetromino_i4
D:2:      layout_loops_ring
D:3:      layout_basic, lemuel_doored_altar, serial_shops, shop
D:4:      layout_cave_pools, mainiacjoe_overflow_alcove_2, grunt_ministairs_7,
          uniq_menkaure, uniq_pikel

Skill      XL: |  1  2  3  4 |
---------------+-------------+-----
Axes           | 4 5 |  5.8
Fighting       | 4 |  4.7
Dodging        | 3 |  3.3
Stealth        | 1 |  1.5
Armour         | |  2.5

Action                   |  1- 3 |  4- 6 || total
-------------------------+-------+-------++-------
Melee: Hand axe          |    86 |    23 ||   109
       Headbutt          |    15 |     3 ||    18
Invok: Berserk           |       |     1 ||     1
 Stab: Sleeping          |       |     1 ||     1
Armor: Animal skin       |    15 |     2 ||    17
Dodge: Dodged            |    64 |    21 ||    85

Table legend: (Time is in decaauts)
 A = Elapsed time spent in this place.
 B = Non-inter-level travel time spent in this place.
 C = Inter-level travel time spent in this place.
 D = Time resting spent in this place.
 E = Time spent auto-exploring this place.
 F = Levels seen in this place.
 G = Mean time per level.
                   A        B        C        D        E       F      G
               +--------+--------+--------+--------+--------+-----+--------+
         Total |   3295 |   3239 |     56 |      0 |   2741 |   4 |  823.8 |
       Dungeon |   3295 |   3239 |     56 |      0 |   2741 |   4 |  823.8 |
               +--------+--------+--------+--------+--------+-----+--------+

Top non-repeatable levels by time:
     D:1: 1285 daAuts
     D:3: 991 daAuts
     D:2: 989 daAuts
     D:4: 29 daAuts
